Cogmind - Beta 15 @@@ ROGUE MODE // 2025.05.06 @ 17:23:12 Player: TinyBoulder Result: Destroyed by H-88 Terminator with Heavy Machine Gun Performance ------------- Evolutions (8) 4000 Regions Visited (9) 1800 Robots Destroyed (55) 275 Value Destroyed (2989) 2989 Prototype IDs (14) 280 Alien Tech Used (0) 0 Bonus (812) 812 TOTAL SCORE: 10156 Bonus ------- Follower Combat Kills 20 Registered with UFD 300 Met Optimus in HQ 500 Friendly Fire -8 Cogmind --------- Core Integrity 0/1450 Matter 43/300 Energy 99/100 System Corruption 3% Temperature Cool (0) Movement Core (50) Location -2/Research Parts ------- > --- POWER (2) -------- (None) > --- PROPULSION (8) --- (None) > --- UTILITY (9) ------ Experimental Signal Interpreter Advanced Target Analyzer Hacking Suite Improved System Shield > --- WEAPON (4) ------- (None) > --- INVENTORY (5) ---- Quantum Reactor Advanced Sensor Array Improved Cloaking Device Micro-nuke Launcher Botcube Peak State ------------ > --- POWER ------------ Light Fission Core Light Neutrino Core > --- PROPULSION ------- Medium Treads Heavy Siege Treads Biometal Heavy Treads > --- UTILITY ---------- Experimental Heat Sink Large Storage Unit Advanced Sensor Array Advanced Signal Interpreter Improved Armor Integrity Analyzer Advanced Transmission Jammer Thermal Shield Hacking Suite Advanced Hacking Suite > --- WEAPON ----------- Mass Driver Light Antimatter Cannon Light Antimatter Cannon Light Antimatter Cannon > --- INVENTORY -------- Improved Cooling System Matter Compressor Improved Matter Compressor Long-range Terrain Scanner Improved Cloaking Device Magnetic Acceleration Cannon Hypervelocity Gauss Cannon Hypervelocity Gauss Cannon Hypervelocity Gauss Cannon Micro-nuke Launcher Micro-nuke Launcher Micro-nuke Launcher Vortex Trap Botcube [Rating: 132] Favorites ----------- Power Light Fission Core Engine Ion Engine Power Core Light Fission Core Reactor Micro Antimatter Reactor Propulsion Light Treads Treads Light Treads Leg Heavy Shield Leg Flight Unit Impulse Thruster Array Utility Large Storage Unit Device Experimental Heat Sink Storage Large Storage Unit Processor Core Analyzer Hackware Advanced Hacking Suite Weapon Magnetic Acceleration Cannon Energy Gun Small Laser Ballistic Gun Autogun Ballistic Cannon Magnetic Acceleration Cannon Launcher Micro-nuke Launcher Special Weapon Improved Plasma Cutter Build | -11 -10 -10 -7 -5 -4 -4 -4 -3 -2 ------- Run | Yrd Mat Sub Scr Fac Fac Upp Upp Res Res Slots Evolved 16 | . . . . 10 2 . . 2 2 Power 1 | . . . . 1 . . . . . Propulsion 6 | . . . . 2 1 . . 1 2 Utility 7 | . . . . 5 1 . . 1 . Weapon 2 | . . . . 2 . . . . . Parts Attached 71 | 6 8 . 8 9 9 4 1 21 5 Power 9 | 1 1 . 2 2 1 . 1 1 . Engine 3 | 1 1 . 1 . . . . . . Core 5 | . . . 1 2 1 . 1 . . Reactor 1 | . . . . . . . . 1 . Propulsion 12 | 2 . . 1 . 2 . . 4 3 Treads 9 | 2 . . 1 . 2 . . 3 1 Leg 2 | . . . . . . . . . 2 Wheel . | . . . . . . . . . . Hover . | . . . . . . . . . . Flight 1 | . . . . . . . . 1 . Utility 28 | 1 2 . 2 6 2 3 . 11 1 Device 12 | . 1 . 1 3 2 2 . 3 . Storage 5 | 1 1 . . 2 . . . 1 . Processor 7 | . . . 1 1 . 1 . 3 1 Hackware 4 | . . . . . . . . 4 . Protection . | . . . . . . . . . . Artifact . | . . . . . . . . . . Weapon 22 | 2 5 . 3 1 4 1 . 5 1 Energy Gun 1 | 1 . . . . . . . . . Energy Cannon . | . . . . . . . . . . Ballistic Gun 5 | 1 4 . . . . . . . . Ballistic Cannon 11 | . . . 3 1 4 . . 3 . Launcher 4 | . 1 . . . . 1 . 2 . Special Weapon 1 | . . . . . . . . . 1 Impact Weapon . | . . . . . . . . . . Slashing Weapon . | . . . . . . . . . . Piercing Weapon . | . . . . . . . . . . Special Melee Weapon . | . . . . . . . . . . Unidentified Prototypes 6 | . 1 . . 3 1 . . . 1 Parts Lost 36 | . 1 . . . 1 6 . 20 8 Power 5 | . 1 . . . . 1 . 3 . Propulsion 10 | . . . . . . 2 . 4 4 Utility 14 | . . . . . 1 2 . 8 3 Weapon 7 | . . . . . . 1 . 5 1 Highest Loss Streak 5 | . 1 . . . 1 3 . 5 4 To Critical Strikes . | . . . . . . . . . . Average Backups 11 | 2 7 10 13 9 11 12 12 10 3 Power 1 | . . 1 2 3 3 3 3 . . Propulsion 1 | 1 2 2 2 2 . . . . . Utility 3 | . . 2 4 2 4 4 5 4 2 Weapon 4 | . 3 5 4 2 3 4 4 5 1 Tool/Special . | . . . . . . . . . . Unused Backups 15 | . 2 . 3 1 4 . . 1 4 Power 2 | . . . . 1 . . . . 1 Propulsion 4 | . 2 . . . 2 . . . . Utility 6 | . . . 1 . 1 . . 1 3 Weapon 3 | . . . 2 . 1 . . . . Tool/Special . | . . . . . . . . . . Average Slot Usage (%) 85 | . 91 100 100 80 88 87 78 74 30 Engine 3 | . 13 14 5 . . . . . . Core 6 | . . . 8 5 8 8 5 6 . Treads 19 | . 28 28 28 17 17 17 10 9 2 Device 10 | . 6 14 2 10 20 20 21 14 . Storage 9 | . 14 14 14 10 10 10 10 4 . Processor 10 | . . . 11 10 9 10 10 12 13 Hackware 1 | . . . . . . . . 6 8 Ballistic Gun 3 | . 23 26 . . . . . . . Ballistic Cannon 17 | . . . 26 22 20 18 15 15 . Launcher 1 | . . 1 . . . 1 5 1 . Peak Build Rating 132 | 6 10 10 25 64 106 110 107 132 77 Average Rating 61 | 4 8 9 21 51 84 104 102 108 58 On Entrance 47 | . 6 10 9 25 62 104 102 107 53 Naked Turns . | . . . . . . . . . . Heaviest Build 82 | 12 30 30 43 63 74 70 82 82 2 Greatest Support 220 | 40 40 40 43 63 150 141 98 220 16 Greatest Overweight (x) 1 | . . . . . 1 . . . . Average Overweight (x) . | . . . . . . . . . . Largest Inventory Capacity 15 | 8 15 15 15 15 15 15 15 15 5 Average Capacity 13 | 7 9 15 15 15 15 15 15 14 5 Most Carried 15 | 5 10 11 15 14 15 15 14 15 5 Average Carried 12 | 2 7 10 14 11 13 14 13 12 4 Final Capacity 15 | 8 15 15 15 15 15 15 15 5 5 Final Carried 15 | 5 10 11 15 13 15 14 13 5 5 Class Distribution -------------------- 44% | Mutant 32% | Gunner 6% | Hacker-Tank 6% | Hacker-Mutant 3% | Scavenger-Gunner Dominant Class ---------------- Mutant | -10/Materials Mutant | -10/Subcaves Mutant | -7/Scraptown Gunner | -5/Factory Gunner | -4/Factory Gunner | -4/Upper Caves Gunner | -4/Upper Caves Gunner | -3/Research Hacker-Mutant | -2/Research Resources | -11 -10 -10 -7 -5 -4 -4 -4 -3 -2 ----------- Run | Yrd Mat Sub Scr Fac Fac Upp Upp Res Res Matter Collected 3276 | 254 148 94 317 59 192 1085 63 1033 31 Remotely 1087 | . . . . . . 757 63 267 . Salvage Created 1692 | . 352 . . 79 161 441 158 501 . Parts 86 | . 27 . . 7 4 22 . 26 . Haulers Intercepted . | . . . . . . . . . . Recyclers Shooed 2 | . 1 . . . . . . 1 . Parts Field Recycled . | . . . . . . . . . . Retrieved Matter . | . . . . . . . . . . Parts Self-Destructed 18 | . . . . . . 18 . . . Prevented . | . . . . . . . . . . Kills | -11 -10 -10 -7 -5 -4 -4 -4 -3 -2 ------- Run | Yrd Mat Sub Scr Fac Fac Upp Upp Res Res Combat Hostiles Destroyed 49 | . 9 . . 5 4 13 . 18 . Guns 7 | . 7 . . . . . . . . Cannons 24 | . . . . 2 4 5 . 13 . AOE 18 | . 2 . . 3 . 8 . 5 . Classes Destroyed 10 | . 5 . . 1 2 1 . 1 . Worker 2 | . 1 . . . . . . 1 . Recycler 1 | . 1 . . . . . . . . Operator 2 | . 1 . . 1 . . . . . Watcher 1 | . . . . . . . . 1 . Swarmer 12 | . 3 . . 4 . 5 . . . Grunt 12 | . 6 . . . . 6 . . . Duelist 1 | . . . . . . 1 . . . Sentry 6 | . . . . . 2 1 . 3 . Hunter 1 | . . . . 1 . . . . . Programmer 17 | . . . . . 2 . . 15 . Packrat 2 | . . . . . . . 2 . . Best Kill Streak 5 | . 5 . . 4 3 5 . 5 . Combat Bots Only 5 | . 3 . . 3 3 5 . 4 . Max Kills in Single Turn 3 | . 3 . . 2 1 2 2 2 . Gunslinging 1 | . 1 . . . . . . . . Exploded 2 | . 1 . . 1 . 2 . 2 . Melee . | . . . . . . . . . . Uniques/NPCs Destroyed . | . . . . . . . . . . Combat | -11 -10 -10 -7 -5 -4 -4 -4 -3 -2 -------- Run | Yrd Mat Sub Scr Fac Fac Upp Upp Res Res Hostile Shots Fired 657 | . 54 . . 23 17 44 . 299 220 Missed 236 | . 13 . . 7 8 12 . 106 90 Hits 421 | . 41 . . 16 9 32 . 193 130 Projectile 421 | . 41 . . 16 9 32 . 193 130 Critical Strikes 15 | . . . . . . 1 . 10 4 Damage Taken 9132 | . 451 . . 258 199 690 . 4345 3189 Core 2323 | . 91 . . 33 . 89 . 642 1468 Absorbed by Shields 68 | . . . . . . . . . 68 Reduced by Siege Mode 318 | . . . . . 5 . . 313 . Ignored by Resistances 12 | . . . . . . . . 12 . Core Remaining (%) 80 | 100 . . 63 96 . . 92 50 . Volleys Fired 127 | . 32 1 . 8 8 19 1 56 2 Largest 4 | . 2 1 . 4 4 4 1 4 1 Hottest 200 | . 60 30 . 165 193 193 49 200 20 Shots Fired 292 | . 61 1 . 20 24 46 1 137 2 Gun 58 | . 58 . . . . . . . . Cannon 207 | . . . . 16 24 40 . 127 . Launcher 25 | . 3 1 . 4 . 6 1 10 . Special 2 | . . . . . . . . . 2 Kinetic 261 | . 54 . . 16 24 40 . 127 . Thermal 6 | . 4 . . . . . . . 2 Explosive 25 | . 3 1 . 4 . 6 1 10 . Electromagnetic . | . . . . . . . . . . Robot Hit Streak 19 | . 5 . . 4 4 11 . 19 3 Robot Miss Streak 3 | . 3 . . 1 1 3 . 3 . Penetration Max 1 | . . . . . . . . 1 . Secondary Targets 1 | . 1 . . . . . . . . Max Gunslinging Chain 1 | . 1 . . . . . . . . Shots Hit Robots 167 | . 39 . . 10 15 28 . 73 2 Core Hits 97 | . 16 . . 13 6 23 1 37 1 Critical Kills 2 | . . . . . . . . 2 . Critical Parts Destroyed 2 | . 1 . . . . . . 1 . Critical Strikes 18 | . 1 . . 1 4 2 . 10 . Destroy 4 | . 1 . . . . . . 3 . Blast 14 | . . . . 1 4 2 . 7 . Melee Attacks . | . . . . . . . . . . Impact . | . . . . . . . . . . Slashing . | . . . . . . . . . . Piercing . | . . . . . . . . . . Sneak Attacks . | . . . . . . . . . . Combat Hostiles . | . . . . . . . . . . Follow-up Attacks . | . . . . . . . . . . Damage Inflicted 7891 | . 748 8 . 503 542 1835 137 4079 39 Guns 517 | . 517 . . . . . . . . Cannons 4469 | . . . . 204 542 964 . 2759 . Explosions 2856 | . 231 8 . 299 . 871 137 1310 . Melee . | . . . . . . . . . . Ramming 17 | . . . . . . . . 10 7 Kinetic 4963 | . 494 . . 204 542 964 . 2759 . Thermal 55 | . 23 . . . . . . . 32 Explosive 2856 | . 231 8 . 299 . 871 137 1310 . Electromagnetic . | . . . . . . . . . . Impact . | . . . . . . . . . . Slashing . | . . . . . . . . . . Piercing . | . . . . . . . . . . Highest Corruption 10 | . . . . . . . . 10 3 Average Corruption 4 | . . . . . . . . 4 2 Corruption Purged . | . . . . . . . . . . Corruption Blocked . | . . . . . . . . . . Effects 26 | . . . . . . . . 24 2 Message Errors 7 | . . . . . . . . 7 . Matter Fused 4 | . . . . . . . . 4 . Heat Flow Errors 2 | . . . . . . . . 2 . Energy Discharges 6 | . . . . . . . . 4 2 Parts Rejected 2 | . . . . . . . . 2 . Data Loss (minor) 2 | . . . . . . . . 2 . Data Loss (major) 2 | . . . . . . . . 2 . Alerts 1 | . . . . . . . . 1 . Overload Shots . | . . . . . . . . . . Overflow Damage 577 | . . . . 6 21 112 62 376 . Projectiles 271 | . . . . 6 21 57 . 187 . Explosions 306 | . . . . . . 55 62 189 . Melee . | . . . . . . . . . . Knockbacks 22 | . . . . 1 5 3 . 13 . Impact . | . . . . . . . . . . Kinetic 19 | . . . . 1 3 3 . 12 . Secondary 3 | . . . . . 2 . . 1 . Self-Inflicted Damage 89 | . . . . . . 81 . 5 3 Shots 2 | . . . . . . 2 . . . Rammed 3 | . . . . . . . . 2 1 Targets Rammed 3 | . . . . . . . . 2 1 Kicked . | . . . . . . . . . . Crushed . | . . . . . . . . . . Highest Temperature 506 | . 66 . . 165 66 66 . 506 . Average Temperature 54 | . 31 . . 90 22 22 . 84 . Received Heat Transfer 1007 | . 231 . . . . 111 . 467 198 Effects 2 | . . . . . . . . 2 . Shutdowns 1 | . . . . . . . . 1 . Energy Bleed 1 | . . . . . . . . 1 . Siege Activations 9 | . . . . . 1 2 1 5 . Total Turns 103 | . . . . . 16 18 3 66 . Longest Duration 30 | . . . . . 16 10 3 30 . Martial Activations . | . . . . . . . . . . Shielding Activations . | . . . . . . . . . . Robots Disrupted . | . . . . . . . . . . Combat Hostiles . | . . . . . . . . . . Robots Corrupted . | . . . . . . . . . . Combat Hostiles . | . . . . . . . . . . Parts Fried . | . . . . . . . . . . Impact Corruptions . | . . . . . . . . . . Robots Melted . | . . . . . . . . . . Combat Hostiles . | . . . . . . . . . . Parts Melted . | . . . . . . . . . . Heat Transferred 124 | . 50 . . . . . . . 74 Parts Sabotaged . | . . . . . . . . . . Parts Stolen . | . . . . . . . . . . Parts Stripped . | . . . . . . . . . . Power Chain Reactions . | . . . . . . . . . . Alert | -11 -10 -10 -7 -5 -4 -4 -4 -3 -2 ------- Run | Yrd Mat Sub Scr Fac Fac Upp Upp Res Res Maximum Alert Level 1 | . . . . . . . . 1 1 Low Security (%) 81 | 100 100 . . 100 100 . . 69 66 Level 1 18 | . . . . . . . . 30 33 Level 2 . | . . . . . . . . . . Level 3 . | . . . . . . . . . . Level 4 . | . . . . . . . . . . Level 5 . | . . . . . . . . . . High Security . | . . . . . . . . . . Max Security . | . . . . . . . . . . Peak Influence 343 | . 112 . . 178 78 . . 343 241 Initial 192 | . . . . . 35 . . 9 192 Average 97 | . 34 . . 88 18 . . 119 187 Influence Increases 2196 | . 278 . . 220 126 372 . 891 309 Destroy 0b10 Robot/C 1020 | . 180 . . 100 80 300 . 360 . Destroy 0b10 Robot/NC 30 | . 15 . . 5 . . . 10 . Destroy Leader 202 | . 40 . . 20 30 20 . 92 . Allied During Kill 22 | . . . . . . 22 . . . Successful Hack 54 | . 7 . . 24 . . . 2 21 Disable Machine 165 | . 30 . . . . . . 120 15 Destroy Structure 283 | . 6 . . 26 16 . . 232 3 Partial Spotted 15 | . . . . . . . . . 15 Lose Combat Pursuer 405 | . . . . 45 . 30 . 75 255 Influence Decreases 2001 | . 198 80 . 148 158 332 66 562 457 Entered New Map 263 | . . 39 . . 37 15 16 5 151 Time Decay 1366 | . 188 41 . 148 111 265 50 357 206 Lost Part 352 | . 10 . . . 10 52 . 200 80 Lost Ally 20 | . . . . . . . . . 20 Squads Dispatched 20 | . 4 . . 2 2 . . 7 5 Investigation 7 | . 3 . . . 1 . . 1 2 Extermination 7 | . . . . . 1 . . 5 1 Reinforcement 6 | . 1 . . 2 . . . 1 2 Assault . | . . . . . . . . . . Garrison . | . . . . . . . . . . Intercept . | . . . . . . . . . . Searches Triggered . | . . . . . . . . . . Construction Impeded . | . . . . . . . . . . Haulers Reinforced 1 | . . . . 1 . . . . . Active Scanning Responses . | . . . . . . . . . . Cargo Convoy Interrupts . | . . . . . . . . . . Stealth | -11 -10 -10 -7 -5 -4 -4 -4 -3 -2 --------- Run | Yrd Mat Sub Scr Fac Fac Upp Upp Res Res Distress Signals 5 | . 1 . . 1 . . . 2 1 Communications Jammed 1 | . . . . . . . . 1 . Distress Signals 1 | . . . . . . . . 1 . Times Spotted 128 | . 16 . . 9 8 14 . 46 35 Peak Tracking Total 17 | . 4 . . 5 2 4 . 16 17 Tactical Retreats 14 | . . . . 1 . 2 . 4 7 Traps | -11 -10 -10 -7 -5 -4 -4 -4 -3 -2 ------- Run | Yrd Mat Sub Scr Fac Fac Upp Upp Res Res Traps Triggered 8 | . 3 . . . 2 . . 2 1 Indirectly . | . . . . . . . . . . Trap Hack Attempts . | . . . . . . . . . . Triggered . | . . . . . . . . . . Disarmed . | . . . . . . . . . . Reprogrammed . | . . . . . . . . . . Reused . | . . . . . . . . . . Traps Extracted . | . . . . . . . . . . Installed . | . . . . . . . . . . Triggered . | . . . . . . . . . . Most Traps Carried 1 | . . . 1 1 1 1 1 1 . Machines | -11 -10 -10 -7 -5 -4 -4 -4 -3 -2 ---------- Run | Yrd Mat Sub Scr Fac Fac Upp Upp Res Res Machines Disabled 12 | . 2 . . . . 1 . 8 1 Max in Single Turn 1 | . 1 . . . . 1 . 1 1 Machines Repaired . | . . . . . . . . . . Machines Dismantled 1 | . . . . . . . . . 1 Machines Sabotaged . | . . . . . . . . . . Overloaded Fab Kills . | . . . . . . . . . . Hacking | -11 -10 -10 -7 -5 -4 -4 -4 -3 -2 --------- Run | Yrd Mat Sub Scr Fac Fac Upp Upp Res Res Machines Accessed 27 | . 2 . 5 2 5 . . 8 5 Terminals 14 | . 2 . . 1 3 . . 5 3 Fabricators 2 | . . . . . 1 . . 1 . Repair Stations . | . . . . . . . . . . Recycling Units 5 | . . . . . 1 . . 2 2 Scanalyzers . | . . . . . . . . . . Garrison Access 1 | . . . . 1 . . . . . Total Hacks 77 | . 5 . 30 4 10 . . 15 13 Successful 44 | . 2 . 30 1 4 . . 4 3 Failed 33 | . 3 . . 3 6 . . 11 10 Catastrophic 9 | . 1 . . 2 . . . 3 3 Database Lockouts . | . . . . . . . . . . Manual 28 | . 4 . . 3 4 . . 12 5 Terminals 27 | . 5 . . 3 5 . . 7 7 Fabricators 4 | . . . . . 1 . . 3 . Repair Stations . | . . . . . . . . . . Recycling Units 15 | . . . . . 4 . . 5 6 Scanalyzers . | . . . . . . . . . . Garrison Access 1 | . . . . 1 . . . . . Terminal Hacks 34 | . 1 . 30 . . . . 1 2 Record 25 | . . . 25 . . . . . . Robot Analysis 4 | . . . 4 . . . . . . Open DSF 1 | . . . . . . . . 1 . Emergency Access Points 1 | . . . . . . . . . 1 Terminal Index 1 | . . . . . . . . . 1 Patrol Status 1 | . 1 . . . . . . . . Proto ID Catalog 1 | . . . 1 . . . . . . Fabricator Hacks 1 | . . . . . 1 . . . . Build 1 | . . . . . 1 . . . . Repair Station Hacks . | . . . . . . . . . . Recycling Unit Hacks 4 | . . . . . 3 . . 1 . Recycle Component 1 | . . . . . 1 . . . . Process 1 | . . . . . 1 . . . . Report Inventory 1 | . . . . . . . . 1 . Retrieve Matter 1 | . . . . . 1 . . . . Scanalyzer . | . . . . . . . . . . Garrison Access Hacks . | . . . . . . . . . . Unauthorized Hacks 5 | . 1 . . 1 . . . 2 1 Terminals 2 | . 1 . . 1 . . . . . Botnet 1 | . . . . 1 . . . . . Operators 1 | . 1 . . . . . . . . Fabricators 2 | . . . . . . . . 2 . Report 1 | . . . . . . . . 1 . Fabnet 1 | . . . . . . . . 1 . Repair Stations 1 | . . . . . . . . . 1 Recycling Units . | . . . . . . . . . . Fedlink 1 | . . . . . . . . . 1 Scanalyzers . | . . . . . . . . . . Garrison Access . | . . . . . . . . . . Data Cores Recovered . | . . . . . . . . . . Used . | . . . . . . . . . . Hacking Detections 20 | . 2 . . 2 4 . . 7 5 Full Trace Events 3 | . . . . . 1 . . 1 1 Feedback Events . | . . . . . . . . . . Feedback Blocked . | . . . . . . . . . . Robot Schematics Acquired . | . . . . . . . . . . Robots Built . | . . . . . . . . . . Authchips . | . . . . . . . . . . Time . | . . . . . . . . . . Total Robot Build Rating . | . . . . . . . . . . Part Schematics Acquired . | . . . . . . . . . . Parts Built 1 | . . . . . 1 . . . . Authchips . | . . . . . . . . . . Time 139 | . . . . . 139 . . . . Total Part Build Rating 9 | . . . . . 9 . . . . Parts Repaired . | . . . . . . . . . . Time . | . . . . . . . . . . Parts Recycled 1 | . . . . . 1 . . . . Recycled Matter . | . . . . . . . . . . Retrieved Matter . | . . . . . . . . . . Retrieved Components . | . . . . . . . . . . Parts Scanalyzed . | . . . . . . . . . . Part Schematics Acquired . | . . . . . . . . . . Parts Damaged . | . . . . . . . . . . Bothacking | -11 -10 -10 -7 -5 -4 -4 -4 -3 -2 ------------ Run | Yrd Mat Sub Scr Fac Fac Upp Upp Res Res Used RIF Installer . | . . . . . . . . . . Robots Hacked 1 | . . . . . . . . . 1 Non-combat . | . . . . . . . . . . Combat 1 | . . . . . . . . . 1 Robot Hacks Applied . | . . . . . . . . . . Relay Couplers Released . | . . . . . . . . . . Fabnet Peak Effective % 3 | . . . . . . . . . 3 Autooverrided 1 | . . . . . . . . . 1 Robots Rewired 1 | . . . . . . 1 . . . Allies Hacked . | . . . . . . . . . . Hacks Repelled . | . . . . . . . . . . Allies | -11 -10 -10 -7 -5 -4 -4 -4 -3 -2 -------- Run | Yrd Mat Sub Scr Fac Fac Upp Upp Res Res Total Allies 2 | . . . . . . 1 . . 1 Largest Group 1 | . . . . . . 1 1 1 1 Highest-Rated Group 69 | . . . . . . 30 30 30 69 Highest-Rated Ally 69 | . . . . . . 30 30 30 69 Total Orders . | . . . . . . . . . . Ally Attacks 10 | . . . . . . 5 . 1 4 Total Damage 376 | . . . . . . 150 . 63 163 Kills 2 | . . . . . . 2 . . . Allies Corrupted . | . . . . . . . . . . Allies Melted . | . . . . . . . . . . Intel | -11 -10 -10 -7 -5 -4 -4 -4 -3 -2 ------- Run | Yrd Mat Sub Scr Fac Fac Upp Upp Res Res Active Infowar (turns) 3484 | . . . . 408 417 1164 109 1386 . Optics 818 | . . . . 408 410 . . . . Sensors 1190 | . . . . . . 1 109 1080 . Jamming 2810 | . . . . . 151 1164 109 1386 . Robot Analysis Total 4 | . . . 4 . . . . . . Derelict Logs Recovered 3 | . . . 1 . . 2 . . . Drone Launches . | . . . . . . . . . . Drone Recoveries . | . . . . . . . . . . Exploration | -11 -10 -10 -7 -5 -4 -4 -4 -3 -2 ------------- Run | Yrd Mat Sub Scr Fac Fac Upp Upp Res Res Turns Passed 7935 | 99 530 349 2533 412 417 1164 109 1899 423 Spaces Moved 4960 | 57 240 210 1512 231 200 673 53 1071 713 Core 531 | 5 . . . . . . . 42 484 Treads 4095 | 52 240 210 1512 231 200 673 53 924 . Legs . | . . . . . . . . . . Wheels . | . . . . . . . . . . Hover . | . . . . . . . . . . Flight 334 | . . . . . . . . 105 229 Fastest Speed 45 | 50 160 160 160 160 156 152 152 45 45 Average Speed 140 | 150 160 160 160 160 170 154 152 144 48 Slowest Speed 240 | 160 160 160 160 160 240 156 152 180 50 Overloaded Moves . | . . . . . . . . . . Propulsion Burnouts . | . . . . . . . . . . Robots Hopped 7 | . . . . . . . . 5 2 Potential Cave-ins . | . . . . . . . . . . Cave-ins Triggered . | . . . . . . . . . . Exploration Rate (%) 30 | 4 36 19 91 6 7 86 7 31 21 Regions Visited 9 Branch Regions 4 Pre-discovered Areas 2 | . . . . . . 2 . . . Known Exits Taken 1 | . . . . . . . . 1 . Unknown Exits Taken 8 | 1 1 1 1 1 1 1 1 . . Scrap Searched 6 | . . . 4 . . 2 . . . Spaces Dug 41 | . . 4 . . 1 9 . 27 . Terrain Destroyed 308 | . 9 4 . 14 8 91 31 151 . Melee . | . . . . . . . . . . Projectile 52 | . . . . 4 8 9 . 31 . AOE 256 | . 9 4 . 10 . 82 31 120 . Terrain Rammed . | . . . . . . . . . . Walls Destroyed . | . . . . . . . . . . Machines Disabled . | . . . . . . . . . . Actions | -11 -10 -10 -7 -5 -4 -4 -4 -3 -2 --------- Run | Yrd Mat Sub Scr Fac Fac Upp Upp Res Res Total 5704 | 67 335 222 1629 258 259 762 80 1314 778 Wait 397 | . 42 10 86 2 21 31 26 132 47 Move 4937 | 56 239 209 1511 230 199 672 52 1060 709 Hop 7 | . . . . . . . . 5 2 Pick Up 42 | 5 6 1 10 1 7 2 . 8 2 Fast Attach 52 | 6 5 . 3 6 12 1 . 15 4 Attach 21 | . 1 . 1 5 1 3 1 8 1 Detach 13 | . 2 . 4 3 2 . . 2 . Swap 20 | . 3 1 4 2 1 1 . 8 . Drop 43 | . 5 . 10 1 8 . . 18 1 Fire 127 | . 32 1 . 8 8 19 1 56 2 Melee . | . . . . . . . . . . Ram 3 | . . . . . . . . 2 1 Kick . | . . . . . . . . . . Crush . | . . . . . . . . . . Escape Stasis 4 | . . . . . . . . . 4 Rewire 33 | . . . . . . 33 . . . Trap . | . . . . . . . . . . Miscellaneous 5 | . . . . . . . . . 5 Route ------- -11/Scrapyard -10/Materials (discovered 3 exits: [*Mat] / [*Min] / [*Sub]) -10/Subcaves -7/Scraptown (discovered 2 exits: *Fac x2) -5/Factory -4/Factory -4/Upper Caves (discovered 2 exits: [*Upp] / [*War]) -4/Upper Caves -3/Research -2/Research History --------- Turn | Location | Event 3 | -11/Scrapyard | Discovered new exit (range 15) 100 | -11/Scrapyard | Entered Materials 116 | -10/Materials | Discovered new exit (range 15) 313 | -10/Materials | Build established: Mutant 500 | -10/Materials | Discovered new exit (range 15) 618 | -10/Materials | Discovered new exit (range 8) 630 | -10/Materials | Entered Subcaves 631 | -10/Subcaves | Approached by a straggling Scientist 865 | -10/Subcaves | Shifting Twisted Machinery released Riot Gun 874 | -10/Subcaves | Shifting Twisted Machinery released Sub. Power Source 926 | -10/Subcaves | Scientist uncovered a shortcut to Scraptown 979 | -10/Subcaves | Entered Scraptown 1092 | -7/Scraptown | Heard Great Nut preacher, LISTEN AND RECITE! 1259 | -7/Scraptown | Discovered new exit (range 7) 1356 | -7/Scraptown | Scanned Subdweller tech in exchange for log data 1361 | -7/Scraptown | Learned Research stockpile data 1412 | -7/Scraptown | Visited Junk Repository 1485 | -7/Scraptown | Visited Fellowship of the Rings 1517 | -7/Scraptown | Visited Spacefarers 1626 | -7/Scraptown | Visited Red Mages 1754 | -7/Scraptown | Visited Cyclists 2072 | -7/Scraptown | Visited UFD Registry 2072 | -7/Scraptown | Registered with UFD as "Hardspawn" 2151 | -7/Scraptown | Visited Chapter 10 2224 | -7/Scraptown | Visited Science Guys 2463 | -7/Scraptown | Visited Botcube Research 2475 | -7/Scraptown | Found Botcube 2503 | -7/Scraptown | Visited Analyses Database 2557 | -7/Scraptown | Visited DA-N13 Charitable Foundation 2563 | -7/Scraptown | Found DCF Scrap (28 items) 2621 | -7/Scraptown | Visited Observation Area 2690 | -7/Scraptown | Visited Scrap Suit Storage 2715 | -7/Scraptown | Visited Curators Association 2786 | -7/Scraptown | Visited Research Penetration Think Tank 2880 | -7/Scraptown | Visited TADAMA 3064 | -7/Scraptown | Visited Comm Corps 3269 | -7/Scraptown | Met Optimus 3269 | -7/Scraptown | Accepted into 0bPrime 3378 | -7/Scraptown | Discovered new exit (range 3) 3509 | -7/Scraptown | Civil war broke out across Scraptown 3512 | -7/Scraptown | Entered Factory 3512 | -5/Factory | Evolved 10 slots: Power x1, Propulsion x2, Utility x5, Weapon x2 3586 | -5/Factory | Discovered new exit (range 6) 3818 | -5/Factory | Build established: Gunner 3924 | -5/Factory | Entered another Factory area 3924 | -4/Factory | Evolved 2 slots: Propulsion x1, Utility x1 4174 | -4/Factory | Fabricated Biometal Heavy Treads (x1) 4242 | -4/Factory | Discovered new exit (range 19) 4341 | -4/Factory | Entered Upper Caves 4367 | -4/Upper Caves | Learned location of Testing (-3) 4635 | -4/Upper Caves | Attracted the attention of an 0b10 outpost 5027 | -4/Upper Caves | A Derelict revealed a hidden shortcut to "reach the base" 5113 | -4/Upper Caves | Lost 3 parts (1p2n) 5466 | -4/Upper Caves | Discovered new exit (range 15) 5505 | -4/Upper Caves | Entered another Upper Caves area 5505 | -4/Upper Caves | Accompanied by 1 ally 5599 | -4/Upper Caves | Discovered new exit (range 8) 5614 | -4/Upper Caves | Entered Research 5614 | -3/Research | Accompanied by 1 ally 5614 | -3/Research | Evolved 2 slots: Propulsion x1, Utility x1 6653 | -3/Research | Lost 4 parts (1p3u) 6798 | -3/Research | Spotted B-86 Titan 6931 | -3/Research | Build established: Hacker-Tank 6952 | -3/Research | System corruption reached 10% 6977 | -3/Research | Lost 5 parts (1p1n2u1w) 7027 | -3/Research | Lost 3 parts (1n1u1w) 7273 | -3/Research | Lost 4 parts (1p1n2w) 7510 | -3/Research | Discovered new exit (range 8) 7513 | -3/Research | Identified exit to Research 7513 | -3/Research | Entered another Research area 7513 | -2/Research | Evolved 2 slots: Propulsion x2 7533 | -2/Research | Loaded intel: 5 recycling unit locations 7669 | -2/Research | Core integrity fell below 50% 7695 | -2/Research | Lost 3 parts (1n1u1w) 7765 | -2/Research | Build established: Hacker-Mutant 7861 | -2/Research | Found Prototype Processor 7861 | -2/Research | Identified Exp. Signal Interpreter 7931 | -2/Research | Lost 4 parts (3n1u) 7933 | -2/Research | Core integrity fell below 20% 7936 | -2/Research | Destroyed by H-88 Terminator with Heavy Machine Gun Last Messages --------------- 07874_ Slug penetrates Wall. 07874_ Penetrated by Slug. 07874_ Slug penetrates W-44 Eye. 07878_ Slug penetrates Wall. 07878_ Penetrated by Slug. 07881_ Slug penetrates Wall. 07883_ Penetrated by Slug. 07886_ Slammed into K-01 Serf. 07886_ Destabilizing: System interference. 07886_ Adv. Target Analyzer temporarily disabled. 07886_ Penetrated by Slug. 07892_ Hvy. Shield Leg destroyed. 07892_ Biometal Medium Treads destroyed. 07894_ System corrupted: Energy discharge (-34). 07894_ Hvy. Shield Leg destroyed. 07895_ Slug penetrates Wall. 07900_ Imp. Armor Integrity Analyzer destroyed. 07928_ Door malfunctions. 07936_ Penetrated by Slug. 07936_ Slug penetrates Wall. Map ----- +----------------------------------------------------+ | ?????????????????????????????????????????????????? | | ?????????????????????????????????????????????????? | | ?????????????????????????????????????????????????? | | ?????????????????????????????????????????????????? | | ?????????????????????????????????????????????????? | | ?????????????????????????????????????????????????? | | ?????????????????????????????????????????????????? | | ?????????????????????????????????????????????????? | | ?????????????????????????????????????????????????? | | ?????????????????????????????????????????????????? | | ?????????????????????????????????????????????????? | | ?????????????????????????????????????????????????? | | ?????????????????????????????????????????????????? | | ?????????????????????????????????????????????????? | | ???????????##########????????????????????????????? | | ???????????# #??????????????????????????### | | ???????????# #?? ??????????????????????# | | ##?????????# #?? ########??????????????# | | ???###### #?? #??????????????# | | ???+ + #??? ##?????????????# | | ??# # #???? T#?????????????# | | ??# # #????? #?????????????# | | ?# + #??????# #??????????????? | | ?# # #??????# #????????????????? | | # ######+########## ######+########### | | # s s @ | | / s s p | | # s | | + | | ?####+##################+###############+#### | | ??? ?????????????? ???????????? ??? | | ???# #?????????? ?????????? ??? | | ???# ""#????????# ??????? ?? | | ????# ""#????????# #??????" ?? | | ????# ] ""#????????# !! #?????"" ? | | ?????# G#????????# !! #?????"" ? | | ##?????# ""?????????# #???? | | ???????# ""?????????# #????? | | ???????# ""?????????# #?????######## | | ???????# ??????????# #????????????? | | ???????# ??????????# #????????????? | | ???????# ??????????# #????????????? | | ???????# ??????????##############????????????? | | ???????# ####????????????????????????????????????? | | ????????#????????????????????????????????????????? | | ?????????????????????????????????????????????????? | | ?????????????????????????????????????????????????? | | ?????????????????????????????????????????????????? | | ?????????????????????????????????????????????????? | | ?????????????????????????????????????????????????? | +----------------------------------------------------+ Best States ------------- Heat Dissipation 73 Energy Generation 33 Energy Capacity 375 Matter Stores 600 Matter Capacity 600 Sight Range 20 Robot Scan Range 19 Terrain Scan Density 10 Jamming Range 16 Additional Mass Support 9 Corruption Containment 12 Resistance: TH 20 Evasion (%) 61 Target Analysis 8 Core Analysis 6 Armor Integrity Analysis 40 Recoil Reduction 11 Offensive Hacking 26 Defensive Hacking 12 Item Schematics ----------------- None Robot Schematics ------------------ None Fabricated ------------ Biometal Heavy Treads | x1 | -4/Factory | Preloaded Repaired ---------- Nothing Alien Tech Used ----------------- None Achievements -------------- None Challenges ------------ None Game ------ Seed NeutronFactoryWheel Manual? 0 Play Time 01:15:03 Cumulative 117.4 hours Start 2025.05.05 @ 20:40:21 End 2025.05.06 @ 17:23:12 Sessions 11 Manual Loads 0 Difficulty Rogue Special Mode None Game No. 106 Rogue 105 Adventurer 0 Explorer 1 Win Type - Total 6 Types 3/0/1/1/0/0/0/1/0/0 Lore% 65 Gallery% 65 Achievement% 60 Wizard Run 0 Options --------- Layout 0 ASCII 0 Keyboard 0 Movement Numpad Keybinds 0 Fullscreen 2 Font 18/Terminus Map View 76x50 Zoom Use 0% Tactical HUD 1 Map Filters NONE Filters NONE Steam 1 RUN: 941e4658-ccbc-4fab-af1a-1bff60caf055